 Dungeon Crawl Stone Soup version 0.28.0-43-g3370ac3207 (webtiles) character file.

Game seed: 8328531755664838992

9832 rlgrobin the Cruncher (level 11, 0/144 HPs)
             Began as a Gargoyle Earth Elementalist on Mar 4, 2022.
             Was an Initiate of Gozag.
             Slain by Snorg (12 damage)
             ... on level 13 of the Dungeon.
             The game lasted 00:21:41 (14781 turns).

rlgrobin the Cruncher (GrEE)                       Turns: 14781, Time: 00:21:42

Health: 0/144      AC: 32    Str: 15    XL:     11   Next: 52%
Magic:  26/26      EV:  2    Int: 20    God:    Gozag
Gold:   1489       SH:  0    Dex: 16    Spells: 12/18 levels left

rFire   + . .      SeeInvis .   a - +4 quarterstaff (protect)
rCold   + . .      Faith    .   (shield currently unavailable)
rNeg    + . .      Spirit   .   (armour currently unavailable)
rPois   ∞          Reflect  .   (helmet currently unavailable)
rElec   +          Harm     .   (cloak currently unavailable)
rCorr   +          Rampage  .   (gloves currently unavailable)
Will    .....      NoTele   +   (boots currently unavailable)
Stlth   ..........              A - amulet of regeneration
HPRegen 1.14/turn               y - ring "Ibasink" {MP+9 Int+3 Dex+6}
MPRegen 0.20/turn               t - +4 ring of evasion

@: berserking, tree-form, resistant, under a protective aura, hasted, very quick
A: stationary, stasis, torment immunity, boosted hp, sickness immunity, AC +8,
negative energy resistance 1, (electricity resistance), torment resistance 1,
petrification resistance
a: Renounce Religion, Potion Petition, Call Merchant, Bribe Branch


You were on level 13 of the Dungeon.
You worshipped Gozag.
Gozag was most pleased with you.
You were a tree.
You visited 2 branches of the dungeon, and saw 12 of its levels.

You collected 3026 gold pieces.
You spent 598 gold pieces at shops.
You paid 939 gold pieces to Gozag.

Inventory:

Hand Weapons
 a - a +4 quarterstaff of protection (weapon)
Missiles
 c - 66 stones (quivered)
 r - 5 poisoned darts
Armour
 q - a +3 scale mail (melded)
 z - a +1 pair of gloves (melded)
Jewellery
 m - a ring of protection from fire
 t - a +4 ring of evasion (right branch)
 y - the ring "Ibasink" (left branch) {MP+9 Int+3 Dex+6}
   (You took it off a centaur on level 9 of the Dungeon)

   [ring of magical power]

   Int:       It affects your intelligence (+3).
   Dex:       It affects your dexterity (+6).
   MP:        It affects your magic capacity (+9).
 A - an amulet of regeneration (around neck)
Wands
 v - a wand of mindburst (7)
 w - a wand of iceblast (5)
Scrolls
 e - 2 scrolls of fear
 g - 6 scrolls of teleportation
 h - 2 scrolls of identify
 i - a scroll of fog
 l - a scroll of noise
 n - a scroll of amnesia {unknown}
 o - a scroll of vulnerability
 s - 2 scrolls of blinking
Potions
 b - 3 potions of attraction
 d - 2 potions of resistance
 f - 9 potions of curing
 k - 4 potions of mutation
 p - 4 potions of brilliance
 x - 3 potions of lignification
 B - a potion of haste {unknown}
 C - a potion of ambrosia
Miscellaneous
 j - a lightning rod (inert)


   Skills:
 + Level 6.0 Fighting
 + Level 12.6 Staves
 + Level 5.3 Armour
 + Level 3.7 Dodging
 - Level 2.1 Stealth
 - Level 4.0 Spellcasting
 - Level 6.0 Conjurations
 - Level 0.7 Transmutations
 - Level 8.0 Earth Magic


You had 12 spell levels left.
You knew the following spells:

 Your Spells              Type           Power      Damage    Failure   Level
a - Sandblast             Erth           72%        2d16      1%          1
b - Stone Arrow           Conj/Erth      64%        3d11      2%          3
q - Passwall              Tmut/Erth      17%        N/A       3%          2

Your spell library contained the following spells:

 Spells                   Type           Power      Damage    Failure   Level
 Static Discharge         Conj/Air       16%        N/A       5%          2
 Ensorcelled Hibernation  Hex/Ice        8%         N/A       19%         2
 Scorch                   Fire           8%         2d5       19%         2
 Petrify                  Tmut/Erth      21%        N/A       22%         4
 Spider Form              Tmut/Pois      5%         N/A       32%         3
 Gell's Gravitas          Tloc           4%         N/A       36%         3
 Summon Guardian Golem    Hex/Summ       4%         N/A       36%         3
 Teleport Other           Tloc           4%         N/A       36%         3
 Tukima's Dance           Hex            4%         N/A       36%         3
 Flame Wave               Conj/Fire      16%        2d6       36%         4
 Lightning Bolt           Conj/Air       8%         1d20      71%         5
 Anguish                  Hex/Necr       2%         N/A       77%         4
 Passage of Golubria      Tloc           4%         N/A       77%         4
 Yara's Violent Unravell  Hex/Tmut       2%         3d3       97%         5
 Dispersal                Tloc           2%         N/A       100%        6
 Summon Cactus Giant      Summ           2%         N/A       100%        6
 Orb of Destruction       Conj           14%        9d7       100%        7
 Spellforged Servitor     Conj/Summ      8%         N/A       100%        7
 Maxwell's Capacitive Co  Air            2%         ∞         100%        8


Dungeon Overview and Level Annotations

Branches:
Dungeon (10/15)            Temple (1/1) D:4            Lair (0/6) D:9
    Orc: D:9-12

Altars:
Ashenzari
Dithmenos
Elyvilon
Fedhas
Gozag
Hepliaklqana
Makhleb
Qazlal
Ru
Sif Muna
Uskayaw
Vehumet
Wu Jian
Xom
Yredelemnul
The Shining One

Shops:
D:9 [   D:10 (

Annotations:
D:6 1 runed translucent door
D:7 exclusion: downstairs
D:13 Snorg


Innate Abilities, Weirdness & Mutations

You are a tree.
Your roots penetrate the ground, keeping you stationary.
You cannot be teleported.
You are immune to unholy pain and torment.
Your maximum health is greatly increased.
Your equipment is partially melded.
You are immune to sickness and miasma.
((Your stone body is resilient. (AC +8)))
You are immune to poison.
You resist negative energy. (rN+)
((You are resistant to electric shocks. (rElec)))
You are resistant to unholy torment.
You are immune to petrification.


Message History

Unknown command.
Okay, then.
Unknown command. [a] - 377 gold - heal wounds, curing and berserk rage [b] - 870 gold - haste, resistance, heal wounds and berserk rage [c] - 200 gold - haste Purchase which effect?
You feel yourself speed up.
You feel protected.
You feel much better.
A red film seems to cover your vision as you go berserk!
You feel yourself moving faster!
You feel mighty! Snorg bites you but does no damage.
Snorg claws you but does no damage. x2
Snorg bites you.
* * * LOW HITPOINT WARNING * * *
Snorg claws you but does no damage. x2
You now have 46/144 hp.
You closely miss Snorg.
Snorg is heavily wounded.
You bludgeon Snorg!!
Snorg is severely wounded.
Snorg bites you!!
* * * LOW HITPOINT WARNING * * *
Snorg claws you!
* * * LOW HITPOINT WARNING * * *
Snorg claws you but does no damage.
You take 26 damage, and have 20/144 hp.
You sock Snorg!
Snorg is almost dead.
Snorg bites you!
* * * LOW HITPOINT WARNING * * *
Snorg claws you but does no damage. x2
You take 9 damage, and have 11/144 hp.
You barely miss Snorg.
Snorg is almost dead.
You sock Snorg!
Snorg is almost dead.
Snorg bites you!
You die...
Your body crumbles into a pile of gold.

*** *** ***
*,******#.#*******,*
*,,,,,,,...,,,,,,,,*
*,******#..*******,* *,* #..*
*,* *<* #..* *,* *,* #..* *>*
*,* #..#######,* *,*
#.T♣.....#,*
******,******#.######.#,*****
,,,,,,,,,,,,>.,,,,,,#.#,,,,,*
,,,,,*,****##,*,,,*,#.#****,*
,,,,,+,,,,,,,,,,,,*,#..,,<*,*
,,,,,**,*****,,,*,*,####***,*
,,,,,**,*,,,,,,,,,,,,,,,,,,,*
*,**,*,,*,*******************
*,**,*,**,,,,,,,,,,,,,,,,,*


You could see Snorg (berserk).

Vanquished Creatures
  2 two-headed ogres
  Pikel (D:8)
  A kobold demonologist (D:8)
  A polar bear (D:8)
  A troll (D:7)
  A hornet (D:9)
  Eustachio (D:5)
  12 yaks
  A wyvern (D:8)
  3 steam dragons
  Edmund (D:6)
  3 wargs (D:9)
  2 water moccasins
  2 sky beasts
  A hornet zombie (D:8)
  4 ice beasts (D:8)
  An ogre (D:4)
  6 centaurs
  4 wolves (D:8)
  3 phantoms
  2 bullfrogs
  3 scorpions
  A hornet simulacrum (D:8)
  3 killer bees (D:10)
  5 wights
  4 howler monkeys
  4 electric eels
  5 centaur zombies
  A bullfrog zombie (D:6)
  3 hounds
  2 centaur skeletons
  3 jellies
  A gnoll shaman (D:7)
  3 orc priests
  A wyvern simulacrum (D:8)
  5 iguanas
  5 orc wizards
  A killer bee zombie (D:8)
  2 centaur simulacra (D:8)
  A howler monkey zombie (D:5)
  7 adders
  4 gnolls
  A howler monkey skeleton (D:6)
  2 shadow imps
  5 white imps
  An ufetubus (D:5)
  3 dart slugs
  26 orcs
  3 ball pythons
  9 endoplasms
  10 goblins
  7 hobgoblins
  2 jackals (D:1)
  A quokka (D:1)
  4 bats
  4 frilled lizards
  4 kobolds
  3 rats
202 creatures vanquished.

Vanquished Creatures (collateral kills)
  A black bear (D:5)
  An adder (D:5)
2 creatures vanquished.

Vanquished Creatures (others)
  2 orcs (D:8)
  2 plants (D:9)
4 creatures vanquished.

Grand Total: 208 creatures vanquished

Notes
Turn   | Place    | Note
-------+----------+-------------------------------------------
     0 | D:1      | rlgrobin the Gargoyle Earth Elementalist began the quest
                  | for the Orb.
     0 | D:1      | Reached XP level 1. HP: 10/10 MP: 3/3
   423 | D:1      | Reached XP level 2. HP: 15/15 MP: 5/5
  1333 | D:2      | Reached XP level 3. HP: 17/19 MP: 6/6
  1906 | D:2      | Found a broken altar of Ashenzari.
  2010 | D:2      | Reached XP level 4. HP: 22/24 MP: 8/8
  2218 | D:2      | Learned a level 2 spell: Passwall
  2222 | D:2      | Learned a level 3 spell: Stone Arrow
  2553 | D:3      | Reached skill level 5 in Earth Magic
  3500 | D:3      | Reached XP level 5. HP: 28/28 MP: 7/10
  4460 | D:4      | Found Soide's Magic Scroll Shoppe.
  4469 | D:4      | Bought a scroll of blinking for 82 gold pieces
  4469 | D:4      | Bought a scroll of teleportation for 33 gold pieces
  4539 | D:4      | Reached XP level 6. HP: 25/32 MP: 8/12
  4763 | D:4      | Found a staircase to the Ecumenical Temple.
  4779 | Temple   | Entered the Ecumenical Temple
  5049 | Temple   | Became a worshipper of Gozag Ym Sagoz the Greedy
  5479 | D:5      | Entered Level 5 of the Dungeon
  5764 | D:5      | Reached skill level 1 in Fighting
  5764 | D:5      | Reached skill level 1 in Armour
  5764 | D:5      | Reached skill level 1 in Conjurations
  6001 | D:5      | Noticed a black bear
  6014 | D:5      | Killed a black bear
  6015 | D:5      | Reached XP level 7. HP: 23/39 MP: 10/13
  6192 | D:5      | Noticed Eustachio
  6695 | D:5      | Killed Eustachio
  6748 | D:5      | Reached XP level 8. HP: 28/44 MP: 9/14
  7520 | D:6      | Reached skill level 5 in Conjurations
  7744 | D:6      | Found a shimmering blue altar of Sif Muna.
  7778 | D:6      | Found a runed translucent door.
  7830 | D:6      | Noticed Edmund
  7840 | D:6      | Killed Edmund
  7841 | D:6      | Reached skill level 1 in Staves
  7912 | D:6      | Reached skill level 2 in Staves
  8375 | D:6      | Reached skill level 3 in Staves
  8577 | D:7      | Reached XP level 9. HP: 47/52 MP: 11/15
  8683 | D:6      | Reached skill level 4 in Staves
  8861 | D:7      | Noticed a troll
  8866 | D:7      | Killed a troll
  8867 | D:7      | Reached skill level 5 in Staves
  9046 | D:7      | Reached skill level 6 in Staves
  9527 | D:8      | Reached skill level 7 in Staves
  9529 | D:8      | Noticed a two-headed ogre
  9826 | D:8      | Reached skill level 8 in Staves
 10221 | D:8      | Reached skill level 9 in Staves
 10349 | D:8      | Noticed Pikel
 10360 | D:8      | Killed Pikel
 10361 | D:8      | Reached XP level 10. HP: 45/56 MP: 2/16
 10413 | D:8      | Reached skill level 10 in Staves
 10914 | D:8      | Killed a two-headed ogre
 10915 | D:8      | Reached skill level 11 in Staves
 11086 | D:8      | Noticed a kobold demonologist
 11093 | D:8      | Killed a kobold demonologist
 11595 | D:8      | Reached skill level 12 in Staves
 11975 | D:9      | Noticed a two-headed ogre
 11996 | D:9      | Killed a two-headed ogre
 12228 | D:9      | Found Qack's Superior Scales.
 12232 | D:9      | Reached XP level 11. HP: 62/62 MP: 10/17
 12768 | D:9      | Reached skill level 5 in Fighting
 12873 | D:9      | Found a staircase to the Lair.
 12875 | D:9      | Identified the ring "Ibasink" {MP+9 Int+3 Dex+6}
 13660 | D:9      | Identified a scroll of acquirement
 13660 | D:9      | Acquired 1272 gold pieces
 13754 | D:4      | Bought a scroll of identify for 22 gold pieces
 13754 | D:4      | Bought a scroll of identify for 22 gold pieces
 13754 | D:4      | Bought a scroll of teleportation for 33 gold pieces
 13754 | D:4      | Bought a scroll of enchant weapon for 82 gold pieces
 13754 | D:4      | Bought a scroll of fog for 22 gold pieces
 13754 | D:4      | Bought a scroll of brand weapon for 220 gold pieces
 13754 | D:4      | Bought a scroll of enchant weapon for 82 gold pieces
 14173 | D:10     | Entered Level 10 of the Dungeon
 14522 | D:10     | Reached skill level 5 in Armour
 14756 | D:10     | Found Rippic's Weapon Boutique.
 14756 | D:10     | You fall into a shaft and drop 3 floors!
 14763 | D:13     | Noticed Snorg
 14779 | D:13     | HP: 11/144 [Snorg (9)]
 14781 | D:13     | Slain by Snorg

Illustrated notes

Levels and vault maps discovered:
D:1:      minmay_arrival_radiant_lines, layout_basic, minmay_pentomino_u2
D:2:      layout_basic, basic_altar, kennysheep_generic_room_10
D:3:      cheibrodos_greedy_goblins, layout_basic
D:4:      layout_rooms, minmay_temple_entry_wispy, serial_shops,
          nicolae_shop_window_shopping, minmay_splitting_lines
D:5:      minmay_angry_zag, layout_basic, chequers_serial_rivers_micro_d,
          uniq_eustachio
D:6:      layout_loops_ring, kennysheep_mini_moat, lightli_church_of_beogh,
          uniq_edmund
D:7:      layout_rooms, serial_park_tiny_2
D:8:      layout_basic, serial_ice, serial_ice_h, serial_ice_b, serial_ice_j,
          serial_ice_g, serial_ice_o, serial_ice_e, serial_ice_d, serial_ice_f,
          serial_ice_n, serial_ice_a, minmay_fractal_squares_diagonal_5,
          uniq_pikel
D:9:      layout_gridville, erik_lair_orcish_takeover, hellmonk_scale_shop
D:10:     layout_basic, serial_shops, nicolae_shop_bloodbath_and_beyond
D:13:     layout_basic, serial_shops, freezing_bzr, minivault_4, nicolae_wwwww,
          uniq_snorg
Temple:   mainiacjoe_temple_archimedes_tessellation

Skill      XL: |  1  2  3  4  5  6  7  8  9 10 11 |
---------------+----------------------------------+-----
Earth Magic    | 4 5 6 7 8 |  8.0
Spellcasting   | 3 4 |  4.0
Fighting       | 1 2 4 6 |  6.0
Armour         | 2 3 5 |  5.3
Conjurations   | 1 4 6 |  6.0
Staves         | 3 9 12 | 12.6
Dodging        | 2 3 |  3.7
Stealth        | |  2.1
Transmutations | |  0.7

Action                   |  1- 3 |  4- 6 |  7- 9 | 10-12 || total
-------------------------+-------+-------+-------+-------++-------
Melee: Spear             |    73 |       |       |       ||    73
       Quarterstaff      |    30 |    13 |   134 |   221 ||   398
       Dagger            |       |   147 |   246 |       ||   393
       Punch             |       |     1 |    10 |       ||    11
Throw: Throwing net      |       |       |     1 |       ||     1
 Cast: Sandblast         |     4 |    30 |    54 |     6 ||    94
       Stone Arrow       |       |       |    24 |    69 ||    93
Invok: Potion Petition   |       |       |       |     1 ||     1
Evoke: Wand              |       |     4 |     1 |     8 ||    13
       Lightning rod     |       |       |       |     4 ||     4
  Use: Scroll            |       |       |     6 |    10 ||    16
       Potion            |       |       |     4 |     3 ||     7
 Stab: Sleeping          |     4 |     1 |       |       ||     5
       Held in net/web   |       |       |     1 |       ||     1
       Distracted        |       |       |     3 |     2 ||     5
Armor: Robe              |    18 |       |       |       ||    18
       Ring mail         |    18 |   102 |   170 |    17 ||   307
       Scale mail        |       |       |       |    89 ||    89
       Skin              |       |       |       |    23 ||    23
Dodge: Dodged            |    54 |   136 |   278 |   142 ||   610
